 Dungeon Crawl Stone Soup version 0.16.0-17-g811c1d7 (console) character file.

163 mauris the Grasshopper (level 5, -1/26 HPs)
             Began as a Spriggan Warper on Mar 21, 2015.
             Was a Follower of Nemelex Xobeh.
             Slain by a centaur (9 damage)
             ... on level 9 of the Dungeon.
             The game lasted 00:10:16 (2598 turns).

mauris the Grasshopper (Spriggan Warper)            Turns: 2598, Time: 00:10:16

Health: -1/26      AC:  6    Str:  7    XL:     5   Next: 20%
Magic:  18/18      EV: 18    Int: 15    God:    Nemelex Xobeh [*.....]
Gold:   82         SH:  0    Dex: 16    Spells: 6 memorised, 0 levels left

rFire  . . .     SeeInvis +     r - +3 hand axe (elec)
rCold  . . .     Clarity  .     b - +2 robe {2}
rNeg   . . .     SustAb   .     (shield restricted)
rPois  +         Gourm    .     (helmet restricted)
rElec  .         Spirit   .     n - +1 cloak
rCorr  .         Warding  .     (gloves unavailable)
rMut   .         Stasis   .     (boots unavailable)
MR     .....                    (no amulet)
Stlth  +.........               (no ring)
                                q - ring of poison resistance

@: confused, very quick, not resistant to hostile enchantments, very unstealthy
A: unfitting armour, see invisible, herbivore 3, speed 3, slow metabolism 2
a: Renounce Religion


You were on level 9 of the Dungeon.
You worshipped Nemelex Xobeh.
Nemelex Xobeh was aware of your devotion.
You were not hungry.

You visited 1 branch of the dungeon, and saw 9 of its levels.

You collected 82 gold pieces.

Inventory:

Hand weapons
 a - a +0 short sword
 r - a +3 hand axe of electrocution (weapon)
Missiles
 e - 5 tomahawks of dispersal (quivered) {!f}
Armour
 b - a +2 robe (worn) {2}
 n - a +1 cloak (worn)
Jewellery
 q - a ring of poison resistance (left hand)
Scrolls
 d - 2 scrolls of blinking
 h - 2 scrolls of remove curse
 i - a scroll of random uselessness
 k - a scroll of vulnerability {unknown}
 m - a scroll of noise {!r}
 u - a scroll of identify {@r1}
 w - 3 scrolls of fog {unknown}
Potions
 g - a potion of ambrosia {!q}
 j - a potion of heal wounds {unknown}
 p - a potion of mutation {unknown}
 v - a potion of curing {unknown}
Books
 c - a book of Spatial Translocations

   Spells                             Type                      Level
   a - Apportation                    Translocation                1
   b - Blink                          Translocation                2
   c - Shroud of Golubria             Charms/Translocation         2
   d - Portal Projectile              Translocation                3
   e - Teleport Other                 Translocation                3
   f - Passage of Golubria            Translocation                4
 o - a book of Air

   Spells                             Type                      Level
   a - Shock                          Conjuration/Air              1
   b - Swiftness                      Charms/Air                   2
   c - Repel Missiles                 Charms/Air                   2
   d - Flight                         Charms/Air                   3
   e - Static Discharge               Conjuration/Air              3
   f - Lightning Bolt                 Conjuration/Air              5
Miscellaneous
 l - an ornate deck of war
 s - a plain deck of war
 t - an ornate deck of war {drawn: 1}
Comestibles
 f - 2 bread rations


   Skills:
 - Level 1.8 Fighting
 - Level 2.4 Short Blades
 - Level 1.6 Axes
 - Level 1.7 Throwing
 - Level 1.0 Armour
 - Level 3.1 Dodging
 - Level 4.0 Spellcasting
 + Level 0.4 Charms
 + Level 5.9 Translocations
 + Level 0.0 Air Magic


You couldn't memorise any spells.
You knew the following spells:

 Your Spells              Type           Power        Failure   Level  Hunger
a - Teleport Other        Tloc           ###.....     6%          3    ###....
g - Shroud of Golubria    Chrm/Tloc      ##........   10%         2    ##.....
r - Repel Missiles        Chrm/Air       #.....       28%         2    ##.....
w - Swiftness             Chrm/Air       #.......     28%         2    ##.....
A - Apportation           Tloc           ###.......   1%          1    None
B - Blink                 Tloc           N/A          2%          2    ##.....


Dungeon Overview and Level Annotations

Branches:
Dungeon (9/15)
 Temple: D:4-7         Lair: D:8-11         Orc: D:9-12

Altars:
Nemelex Xobeh
The Shining One

Annotations:
D:3 mauris' ghost, average SpWr
D:5 exclusion: centaur
D:8 Erolcha


Innate Abilities, Weirdness & Mutations

You are tiny and cannot use many weapons and most armour.
You have supernaturally acute eyesight.
You are a herbivore.
You cover ground extremely quickly.
You need consume almost no food.


Message History

Damage: -7%(-2hp) hp: 43%(11hp)
You barely miss the centaur. The centaur barely misses you.
The centaur misses you.
You barely miss the centaur. The centaur closely misses you.
The centaur closely misses you.
You barely miss the centaur. The centaur closely misses you.
The centaur hits you.
* * * LOW HITPOINT WARNING * * *
Huge Dmg: -19%(-5hp) hp: 24%(6hp)
You hit the centaur but do no damage. The centaur hits you.
* * * LOW HITPOINT WARNING * * *
Huge Dmg: -16%(-4hp) hp: 8%(2hp) Drink which item? (? for menu, Esc to quit)
Really quaff
g - 2 potions of ambrosia {!q}?
You are confused.
You feel invigorated. The centaur closely misses you.
The centaur completely misses you.
You're too confused to move!
The centaur hits you!
You die...
Your body glows slightly and disappears.

.# #..# .# .# #..#
.# .######..###.#
.............######
.###...............#
.# #.....##.####.#.
.# #........# #.#
#.....##.# #c#
##.#####.####@### #.
#....(...#
#.##(..?.#
#.#......#
#.#(.....#
#.#......#
.......### ###.####
#.


You could see a centaur.

Vanquished Creatures
  A hound (D:4)
  Crazy Yiuf (D:6)
  A worker ant (D:4)
  An adder (D:4)
  2 giant mites
  2 giant geckos
  A ball python (D:4)
  A giant cockroach (D:1)
  6 goblins
  6 hobgoblins
  7 kobolds
  8 bats
  4 giant newts
  A quokka (D:6)
  A quokka skeleton (D:6)
  10 rats
53 creatures vanquished.

Notes
Turn   | Place    | Note
--------------------------------------------------------------
     0 | D:1      | mauris, the Spriggan Warper, began the quest for the Orb.
     0 | D:1      | Reached XP level 1. HP: 10/10 MP: 4/4
    31 | D:1      | Huge Dmg: 3 dmg
   230 | D:1      | Huge Dmg: 2 dmg
   256 | D:1      | Huge Dmg: 2 dmg
   259 | D:1      | Reached XP level 2. HP: 8/14 MP: 7/7
   478 | D:1      | Huge Dmg: 5 dmg
   818 | D:1      | Reached skill level 1 in Armour
   875 | D:1      | Huge Dmg: 3 dmg
   875 | D:1      | Reached XP level 3. HP: 13/18 MP: 10/10
  1110 | D:2      | Found a sparkling altar of Nemelex Xobeh.
  1119 | D:2      | Became a worshipper of Nemelex Xobeh the Trickster
  1134 | D:2      | Received a gift from Nemelex Xobeh
  1177 | D:2      | Reached skill level 5 in Translocations
  1189 | D:2      | Learned a level 2 spell: Blink
  1251 | D:3      | Noticed mauris' ghost (average SpWr)
  1456 | D:4      | Huge Dmg: 4 dmg
  1458 | D:4      | Huge Dmg: 3 dmg
  1459 | D:4      | Reached skill level 1 in Axes
  1459 | D:4      | Reached XP level 4. HP: 12/23 MP: 14/14
  1680 | D:4      | Found a glowing golden altar of the Shining One.
  1728 | D:4      | Noticed a scorpion
  1744 | D:5      | Entered Level 5 of the Dungeon
  1789 | D:5      | Noticed a centaur
  1790 | D:5      | Received a gift from Nemelex Xobeh
  1792 | D:5      | Huge Dmg: 7 dmg
  2022 | D:6      | Noticed Crazy Yiuf
  2025 | D:6      | Killed Crazy Yiuf
  2025 | D:6      | Reached XP level 5. HP: 26/26 MP: 16/18
  2101 | D:6      | Noticed a sky beast
  2133 | D:7      | Noticed an ogre
  2149 | D:7      | Received a gift from Nemelex Xobeh
  2398 | D:7      | Noticed a black bear
  2488 | D:8      | Noticed a trapdoor spider
  2538 | D:8      | Learned a level 2 spell: Repel Missiles
  2541 | D:8      | Learned a level 2 spell: Swiftness
  2545 | D:8      | Learned a level 3 spell: Teleport Other
  2548 | D:8      | Learned a level 2 spell: Shroud of Golubria
  2561 | D:8      | Noticed Erolcha
  2589 | D:9      | Noticed a centaur
  2591 | D:9      | Huge Dmg: 13 dmg
  2596 | D:9      | Huge Dmg: 5 dmg
  2597 | D:9      | Huge Dmg: 4 dmg
  2598 | D:9      | Slain by a centaur

Action                   |  1- 3 |  4- 6 || total
-------------------------+-------+-------++-------
Melee: Short sword       |    74 |       ||    74
       Hand axe          |    33 |    32 ||    65
 Cast: Blink             |       |    14 ||    14
Evoke: Deck              |       |     1 ||     1
  Use: Scroll            |       |    13 ||    13
       Potion            |       |     1 ||     1

Vault maps used:
D:1:      scummos_arrival_hexagon
D:2:      nemelex_xobeh_ov_fountains_minmay, first_bread, elyvilon_altar_3,
          uniq_iyjb
D:3:      grunt_decor_resistance, st_stairs_3, minmay_misc_feat_hallway
D:4:      nicolae_overflow_hidden_temple, overflow_temple_1_default,
          minmay_misc_feat_x, uniq_pikel
D:5:      minmay_temple_entry_from_below_b, serial_shops, shop,
          minmay_stone_trees_large
D:6:      gup_sewer_entry_spiral, makhleb_blood_cavern_becter,
          uniq_crazy_yiuf_cottage
D:7:      basic_altar, grunt_livestock, minmay_crossroads
D:8:      old_standard_altar, minmay_lair_entry_lava, uniq_erolcha, uniq_maurice
D:9:      grunt_dithmenos_smoke, gammafunk_temple_overflow_elements,
          minivault_16, st_stairs_10, nicolae_straight_to_the_point
